APP
OREM OWLZ @ GREAT FALLS VOYAGERS
10/12/2048
 
TOP OF THE 1ST
Texas (APP) Rangers batting - Pitching for Elizabethton Twins : RHP Francisco Pena
Pitching: RHP Francisco Pena
Batting: SHB Barry Tuckfard 0-0: Called Strike
0-1: Swinging Strike
0-2: SINGLE (Groundball, 34D, EV 101.9 MPH)
Batting: RHB Brian Snyder 0-0: Ball
1-0: Swinging Strike
1-1: Ball
2-1: Foul Ball, location: 2F
2-2: Strikes out swinging
Batting: LHB Chris Torres 0-0: Called Strike
0-1: Called Strike
0-2: Ball
1-2: Strikes out swinging
Batting: RHB Rich Stinson 0-0: Called Strike
0-1: Called Strike
0-2: Strikes out looking
Top of the 1st over - 0 runs, 1 hit, 0 errors, 1 left on base; Texas (APP) 0 - Elizabethton 0
BOTTOM OF THE 1ST
Elizabethton Twins batting - Pitching for Texas (APP) Rangers : RHP Hector Aguado
Pitching: RHP Hector Aguado
Batting: LHB Luis Tarango 0-0: Ball
1-0: Ground out U3 (Groundball, 3L, EV 96.3 MPH)
Batting: RHB Steve Amiano 0-0: Ball
1-0: Ball
2-0: Called Strike
2-1: Ball
3-1: Base on Balls
Batting: RHB Danny Stein 0-0: Ball
1-0: Fly out, F9 (Flyball, 9, EV 95.6 MPH)
Batting: SHB Ivan Batlle 0-0: Foul Ball, location: 2F
0-1: Ball
1-1: Ground out 4-3 (Groundball, 34, EV 106.3 MPH)
Bottom of the 1st over - 0 runs, 0 hits, 0 errors, 1 left on base; Texas (APP) 0 - Elizabethton 0
TOP OF THE 2ND
Texas (APP) Rangers batting - Pitching for Elizabethton Twins : RHP Francisco Pena
Batting: SHB Alvaro Palacio 0-0: Ball
1-0: Foul Ball, location: 2F
1-1: Ball
2-1: Ball
3-1: Base on Balls
Batting: RHB David Reyna 0-0: Called Strike
0-1: Ball
1-1: Called Strike
1-2: Ball
2-2: Grounds into double play, 5-4-3 (Groundball, 56S, EV 85.0 MPH)
Batting: RHB Liangde Li 0-0: Fly out, F9 (Flyball, 9S, EV 90.0 MPH)
Top of the 2nd over - 0 runs, 0 hits, 0 errors, 0 left on base; Texas (APP) 0 - Elizabethton 0
BOTTOM OF THE 2ND
Elizabethton Twins batting - Pitching for Texas (APP) Rangers : RHP Hector Aguado
Batting: RHB Matt Horne 0-0: Ground out 4-3 (Groundball, 4, EV 91.9 MPH)
Batting: RHB Justin Wright 0-0: Foul Ball, location: 2F
0-1: Fly out, F8 (Flyball, 8RD, EV 81.3 MPH)
Batting: RHB Constantino Gaivo 0-0: Called Strike
0-1: Foul Ball, location: 2F
0-2: Ball
1-2: Fly out, F7 (Flyball, 7, EV 84.4 MPH)
Bottom of the 2nd over - 0 runs, 0 hits, 0 errors, 0 left on base; Texas (APP) 0 - Elizabethton 0
TOP OF THE 3RD
Texas (APP) Rangers batting - Pitching for Elizabethton Twins : RHP Francisco Pena
Batting: RHB Humberto Oros 0-0: Foul Ball, location: 2F
0-1: Ball
1-1: Foul Ball, location: 2F
1-2: Ball
2-2: Ball
3-2: Strikes out looking
Batting: LHB Rob Calderon 0-0: Swinging Strike
0-1: Foul Ball, location: 2F
0-2: Ball
1-2: Ground out 4-3 (Groundball, 4, EV 98.8 MPH)
Batting: SHB Barry Tuckfard 0-0: Ball
1-0: Ball
2-0: Called Strike
2-1: Foul Ball, location: 2F
2-2: Ball
3-2: Foul Ball, location: 2F
3-2: SINGLE (Groundball, 6MD, EV 97.5 MPH)
Batting: RHB Brian Snyder 0-0: Ball
1-0: Fly out, F9 (Flyball, 9D, EV 100.0 MPH)
Top of the 3rd over - 0 runs, 1 hit, 0 errors, 1 left on base; Texas (APP) 0 - Elizabethton 0
BOTTOM OF THE 3RD
Elizabethton Twins batting - Pitching for Texas (APP) Rangers : RHP Hector Aguado
Batting: RHB Nate Diaz 0-0: Foul Ball, location: 2F
0-1: DOUBLE (Line Drive, 8LXD, EV 105.6 MPH)
Batting: SHB Nick Miller 0-0: Fly out, F8 (Flyball, 8LS, EV 84.4 MPH)
Batting: LHB Luis Tarango 0-0: Fly out, F8 (Flyball, 8LD, EV 103.8 MPH)
Batting: RHB Steve Amiano 0-0: Ball
1-0: Ball
2-0: Swinging Strike
2-1: Foul Ball, location: 2F
2-2: Ball
3-2: Base on Balls
Batting: RHB Danny Stein 0-0: Called Strike
0-1: Ball
1-1: Ball
2-1: Foul Ball, location: 2F
2-2: Strikes out looking
Bottom of the 3rd over - 0 runs, 1 hit, 0 errors, 2 left on base; Texas (APP) 0 - Elizabethton 0
TOP OF THE 4TH
Texas (APP) Rangers batting - Pitching for Elizabethton Twins : RHP Francisco Pena
Batting: LHB Chris Torres 0-0: Called Strike
0-1: Ball
1-1: Foul Ball, location: 2F
1-2: Fly out, F8 (Line Drive, 8RM, EV 91.3 MPH)
Batting: RHB Rich Stinson 0-0: Ball
1-0: Ball
2-0: Swinging Strike
2-1: Ball
3-1: Base on Balls
Batting: SHB Alvaro Palacio 0-0: Ball
1-0: Ball
2-0: Fielders Choice at 2nd, 4-6 (Groundball, 4, EV 83.8 MPH)
Batting: RHB David Reyna 0-0: Ball
1-0: Called Strike
Alvaro Palacio steals 2nd base
1-1: Fly out, F7 (Flyball, 78M, EV 90.6 MPH)
Top of the 4th over - 0 runs, 0 hits, 0 errors, 1 left on base; Texas (APP) 0 - Elizabethton 0
BOTTOM OF THE 4TH
Elizabethton Twins batting - Pitching for Texas (APP) Rangers : RHP Hector Aguado
Batting: SHB Ivan Batlle 0-0: Foul Ball, location: 2F
0-1: Called Strike
0-2: Foul Ball, location: 2F
0-2: Ball
1-2: Ball
2-2: SINGLE (Groundball, 34D, EV 94.4 MPH)
Batting: RHB Matt Horne 0-0: Ball
1-0: Called Strike
1-1: Called Strike
1-2: Ball
2-2: Ball
3-2: Foul Ball, location: 2F
3-2: Strikes out looking
Batting: RHB Justin Wright 0-0: Swinging Strike
0-1: Fly out, F7 (Line Drive, 7, EV 100.0 MPH)
Batting: RHB Constantino Gaivo 0-0: Called Strike
0-1: Ball
1-1: Foul Ball, location: 2F
1-2: Fly out, F7 (Flyball, 78XD, EV 97.5 MPH)
Bottom of the 4th over - 0 runs, 1 hit, 0 errors, 1 left on base; Texas (APP) 0 - Elizabethton 0
TOP OF THE 5TH
Texas (APP) Rangers batting - Pitching for Elizabethton Twins : RHP Francisco Pena
Batting: RHB Liangde Li 0-0: Swinging Strike
0-1: Foul Ball, location: 2F
0-2: SINGLE (Line Drive, 56D, EV 98.1 MPH)
Batting: RHB Humberto Oros 0-0: Called Strike
Liangde Li steals 2nd base
0-1: Ball
1-1: Swinging Strike
1-2: Ground out 1-3 (Groundball, 25, EV 88.8 MPH)
Batting: LHB Rob Calderon 0-0: Ball
1-0: Called Strike
1-1: Swinging Strike
1-2: Ball
2-2: Ball
3-2: Base on Balls
Batting: SHB Barry Tuckfard 0-0: Ball
1-0: Called Strike
1-1: Foul Ball, location: 2F
1-2: Ball
2-2: Fly out, F8 (Flyball, 78M, EV 86.3 MPH)
Runner from 2nd tags up, SAFE at 3rd with throw by CF
Batting: RHB Brian Snyder 0-0: Ball
1-0: Called Strike
1-1: Ball
2-1: Fly out, F6 (Popup, 6, EV 70.6 MPH)
Top of the 5th over - 0 runs, 1 hit, 0 errors, 2 left on base; Texas (APP) 0 - Elizabethton 0
BOTTOM OF THE 5TH
Elizabethton Twins batting - Pitching for Texas (APP) Rangers : RHP Hector Aguado
Batting: RHB Nate Diaz 0-0: Fly out, F7 (Flyball, 7S, EV 91.9 MPH)
Batting: SHB Nick Miller 0-0: Hit by Pitch
Batting: LHB Luis Tarango 0-0: Ball
1-0: Foul Ball, location: 2F
1-1: Ball
2-1: Swinging Strike
2-2: Fielders Choice at 2nd, 4-6 (Groundball, 4, EV 86.3 MPH)
Batting: RHB Steve Amiano 0-0: Ball
1-0: Called Strike
Luis Tarango is caught stealing 2nd base 2-4
Bottom of the 5th over - 0 runs, 0 hits, 0 errors, 0 left on base; Texas (APP) 0 - Elizabethton 0
TOP OF THE 6TH
Texas (APP) Rangers batting - Pitching for Elizabethton Twins : RHP Francisco Pena
Batting: LHB Chris Torres 0-0: Called Strike
0-1: Ball
1-1: Fly out, F7 (Flyball, 7LM, EV 86.9 MPH)
Batting: RHB Rich Stinson 0-0: Ball
1-0: Called Strike
1-1: Ball
2-1: Ball
3-1: TRIPLE (Flyball, 89XD, EV 97.5 MPH)
Batting: SHB Alvaro Palacio 0-0: Intentional Walk
Pitching: RHP Andy Nell
Batting: RHB David Reyna 0-0: Ball
1-0: Called Strike
1-1: Ball
Alvaro Palacio steals 2nd base
2-1: Foul Ball, location: 2F
2-2: Ground out 5-3 (Groundball, 56S, EV 84.4 MPH)
Batting: RHB Liangde Li 0-0: Intentional Walk
Batting: RHB Humberto Oros 0-0: SINGLE (Line Drive, 34D, EV 99.4 MPH)
Rich Stinson scores
Alvaro Palacio to third
Liangde Li to second
Runner from 3rd tries for Home, throw by RF and OUT! 9-2
Top of the 6th over - 1 run, 2 hits, 0 errors, 2 left on base; Texas (APP) 1 - Elizabethton 0
BOTTOM OF THE 6TH
Elizabethton Twins batting - Pitching for Texas (APP) Rangers : RHP Hector Aguado
Batting: RHB Steve Amiano 0-0: Ball
1-0: Ball
2-0: Called Strike
2-1: Foul Ball, location: 2F
2-2: Ball
3-2: SOLO HOME RUN (Flyball, 9D, EV 95.6 MPH), Distance : 370 ft
Batting: RHB Danny Stein 0-0: Ball
1-0: SOLO HOME RUN (Flyball, 9D, EV 103.1 MPH), Distance : 375 ft
Batting: SHB Ivan Batlle 0-0: Ball
1-0: Ball
2-0: Called Strike
2-1: Swinging Strike
2-2: Ball
3-2: Strikes out swinging
Batting: RHB Matt Horne 0-0: Ball
1-0: Foul Ball, location: 2F
1-1: Ball
2-1: Foul Ball, location: 2F
2-2: Ball
3-2: Fly out, F7 (Line Drive, 7D, EV 91.3 MPH)
Batting: RHB Justin Wright 0-0: Ball
1-0: Ground out 5-3 (Groundball, 56, EV 91.3 MPH)
Bottom of the 6th over - 2 runs, 2 hits, 0 errors, 0 left on base; Texas (APP) 1 - Elizabethton 2
TOP OF THE 7TH
Texas (APP) Rangers batting - Pitching for Elizabethton Twins : RHP Andy Nell
Pitching: LHP Lorenzo Chavez
Batting: LHB Rob Calderon 0-0: Swinging Strike
0-1: Called Strike
0-2: Ball
1-2: Ball
2-2: Ball
3-2: Strikes out swinging
Batting: SHB Barry Tuckfard 0-0: Called Strike
0-1: Foul Ball, location: 2F
0-2: Fly out, F2 (Popup, 23F, EV 75.6 MPH)
Batting: RHB Brian Snyder 0-0: Called Strike
0-1: Ball
1-1: Ball
2-1: Ground out 6-3 (Groundball, 56, EV 86.3 MPH)
Top of the 7th over - 0 runs, 0 hits, 0 errors, 0 left on base; Texas (APP) 1 - Elizabethton 2
BOTTOM OF THE 7TH
Elizabethton Twins batting - Pitching for Texas (APP) Rangers : RHP Hector Aguado
Batting: RHB Constantino Gaivo 0-0: Ball
1-0: Fly out, F9 (Flyball, 9, EV 87.5 MPH)
Batting: RHB Nate Diaz 0-0: Ground out 5-3 (Groundball, 56S, EV 61.3 MPH)
Batting: SHB Nick Miller 0-0: Ball
1-0: Swinging Strike
1-1: Ball
2-1: Called Strike
2-2: Ball
3-2: Fly out, F8 (Flyball, 8RM, EV 86.9 MPH)
Bottom of the 7th over - 0 runs, 0 hits, 0 errors, 0 left on base; Texas (APP) 1 - Elizabethton 2
TOP OF THE 8TH
Texas (APP) Rangers batting - Pitching for Elizabethton Twins : LHP Lorenzo Chavez
Pitching: RHP Shiloh Rawls
Now at 3B: Jamie Williams
Batting: LHB Chris Torres 0-0: Ground out 1-3 (Groundball, 34S, EV 68.1 MPH)
Batting: RHB Rich Stinson 0-0: Ball
1-0: Foul Ball, location: 2F
1-1: Ball
2-1: Fly out, F9 (Flyball, 9D, EV 81.3 MPH)
Batting: SHB Alvaro Palacio 0-0: Called Strike
0-1: Called Strike
0-2: Strikes out swinging
Top of the 8th over - 0 runs, 0 hits, 0 errors, 0 left on base; Texas (APP) 1 - Elizabethton 2
BOTTOM OF THE 8TH
Elizabethton Twins batting - Pitching for Texas (APP) Rangers : RHP Hector Aguado
Batting: LHB Luis Tarango 0-0: Ball
1-0: Ball
2-0: Ball
3-0: Called Strike
3-1: DOUBLE (Flyball, 8RXD, EV 102.5 MPH)
Batting: RHB Steve Amiano 0-0: Intentional Walk
Batting: RHB Danny Stein 0-0: Called Strike
0-1: Ball
1-1: Ball
2-1: DOUBLE (Line Drive, 9LM, EV 101.3 MPH)
Luis Tarango scores
Steve Amiano to third
Batting: SHB Ivan Batlle 0-0: Intentional Walk
Batting: RHB Jamie Williams 0-0: Ball
1-0: Called Strike
1-1: Called Strike
1-2: Foul Ball, location: 2F
1-2: Strikes out swinging
Batting: RHB Justin Wright 0-0: Grounds into fielders choice 5-2 (Groundball, 56, EV 105.0 MPH)
Danny Stein to third
Ivan Batlle to second
Batting: RHB Constantino Gaivo 0-0: DOUBLE (Groundball, 5L, EV 101.3 MPH)
Danny Stein scores
Ivan Batlle scores
Justin Wright to third
Runner from 3rd tries for Home, SAFE, throw by LF to trailing runner, OUT at third! 7-6-5
Bottom of the 8th over - 4 runs, 3 hits, 0 errors, 0 left on base; Texas (APP) 1 - Elizabethton 6
TOP OF THE 9TH
Texas (APP) Rangers batting - Pitching for Elizabethton Twins : RHP Shiloh Rawls
Batting: RHB David Reyna 0-0: Ball
1-0: DOUBLE (Flyball, 78XD, EV 105.0 MPH)
Batting: RHB Liangde Li 0-0: Called Strike
0-1: Ball
1-1: Ball
2-1: Called Strike
2-2: Ball
3-2: Strikes out swinging
Batting: RHB Humberto Oros 0-0: Ball
1-0: Ball
2-0: Foul Ball, location: 2F
2-1: Fly out, F8 (Line Drive, 8LM, EV 90.0 MPH)
Batting: LHB Rob Calderon 0-0: Ball
1-0: Ball
Wild Pitch!
David Reyna to third
2-0: Foul Ball, location: 2F
2-1: Ball
3-1: Foul Ball, location: 2F
3-2: Foul Ball, location: 2F
3-2: Ground out 6-3 (Groundball, 6M, EV 99.4 MPH)
Top of the 9th over - 0 runs, 1 hit, 0 errors, 1 left on base; Texas (APP) 1 - Elizabethton 6
Tuesday, March 28th , 2023 - OOTP Baseball 23.10 Build 110